 Dungeon Crawl Stone Soup version 0.29-a0-266-gf56f883ddd (webtiles) character file.

Game seed: 2493391723792775050

150 oldriver the Shooter (level 5, -1/27 HPs)
             Began as a Vine Stalker Hunter on Mar 7, 2022.
             Slain by an orc
             ... wielding a +0 war axe
              (7 damage)
             ... on level 3 of the Dungeon.
             The game lasted 00:04:16 (2118 turns).

oldriver the Shooter (Vine Stalker Hunter)          Turns: 2118, Time: 00:04:17

Health: -1/27      AC:  4    Str: 15    XL:     5   Next: 32%
Magic:  0/6        EV: 12    Int: 11    God:
Gold:   137        SH:  0    Dex: 16    Spells: 4/4 levels left

rFire   . . .      SeeInvis .   a - +1 shortbow
rCold   . . .      Faith    .   (shield currently unavailable)
rNeg    . . .      Spirit   +   b - +0 leather armour
rPois   .          Reflect  .   i - +0 helmet
rElec   .          Harm     .   (no cloak)
rCorr   .          Rampage  .   (no gloves)
Will    .....                   (no boots)
Stlth   ++........              (no amulet)
HPRegen 0.89/turn               (no ring)
MPRegen 0.10/turn               (no ring)

@: no status effects
A: fangs 2, regeneration 1, magic shield, antimagic bite, no potion heal 2
a: no special abilities


You were on level 3 of the Dungeon.
You visited 1 branch of the dungeon, and saw 3 of its levels.

You collected 191 gold pieces.
You spent 54 gold pieces at shops.

Inventory:

Hand Weapons
 a - a +1 shortbow (weapon)
Missiles
 f - a throwing net
 g - 3 poisoned darts
Armour
 b - a +0 leather armour (worn)
 i - a +0 helmet (worn)
Scrolls
 c - 3 scrolls of immolation
 d - a scroll of enchant armour {unknown}
Potions
 e - 2 potions of curing
 h - a potion of ambrosia


   Skills:
 + Level 2.7 Fighting
 * Level 4.6 Bows
 - Level 2.2 Dodging
 + Level 3.1 Stealth


You had 4 spell levels left.
You didn't know any spells.
Your spell library was empty.

Dungeon Overview and Level Annotations

Branches:
Dungeon (3/15)

Altars:
Xom

Shops:
D:2 [


Innate Abilities, Weirdness & Mutations

You have extremely sharp teeth.
Your natural rate of healing is unusually fast.
When hurt, damage is shared between your health and your magic reserves.
Your bite disrupts and absorbs the magic of your enemies.
Potions cannot restore your health.


Message History

An orc priest is nearby!
You shoot an arrow. The arrow hits the orc priest.
The orc priest is moderately wounded.
You shoot an arrow. The arrow barely misses the orc priest.
You shoot an arrow. The arrow hits the orc priest!
The orc priest is severely wounded.
You shoot an arrow. The arrow hits the orc priest.
The orc priest is almost dead.
You shoot an arrow. The arrow hits the orc priest.
You kill the orc priest!
Your Stealth skill increases to level 3!
No target in view!
No target in view!
Unknown command.
You now have 137 gold pieces (gained 12).
Things that are here:
a +0 short sword; a +0 leather armour; an orc corpse 2 orcs come into view.
The orc shouts!
You hear a shout!
There are monsters nearby!
You shoot an arrow.
The arrow hits the orc but does no damage.
An orc priest comes into view. It is wielding a +0 short sword.
You shoot an arrow. The arrow hits the orc!
You kill the orc!
You shoot an arrow.
The arrow hits the orc but does no damage.
You shoot an arrow. The arrow hits the orc.
The orc is severely wounded.
The orc priest looks satisfied for a moment.
You shoot an arrow. The arrow closely misses the orc.
The arrow closely misses the orc priest.
The orc priest invokes the aid of Beogh against you.
Beogh smites you!
You shoot an arrow. The arrow closely misses the orc.
The orc priest calls down the wrath of Beogh upon you.
Beogh smites you!
* * * LOW HITPOINT WARNING * * *
The orc closely misses you. The orc hits you with a +0 war axe!
You die...

##########
####........####
#..'............
#.#.##...)@).o....
#.#.##....o....)..
#.#.#######..#....
#.#.# .......
#.#.# .......
#.#.# ##.....
.#####.#.# .....
.........# .....
#.#####.##


You could see an orc priest and an orc.

Vanquished Creatures
  An orc priest (D:3)
  Jessica (D:2)
  Natasha (D:2)
  2 adders (D:2)
  2 dart slugs
  An orc (D:3)
  4 endoplasms
  A giant cockroach (D:2)
  7 goblins
  6 hobgoblins
  A quokka (D:1)
  4 ball pythons
  3 bats
  5 frilled lizards (D:1)
  6 kobolds
  5 rats
50 creatures vanquished.

Notes
Turn   | Place    | Note
-------+----------+-------------------------------------------
     0 | D:1      | oldriver the Vine Stalker Hunter began the quest for the
                  | Orb.
     0 | D:1      | Reached XP level 1. HP: 11/11 MP: 2/2
   222 | D:1      | Reached XP level 2. HP: 15/15 MP: 3/3
   483 | D:1      | Reached skill level 4 in Bows
   483 | D:1      | Reached XP level 3. HP: 18/18 MP: 4/4
  1248 | D:2      | Found a faded altar of an unknown god.
  1287 | D:2      | Noticed Jessica
  1294 | D:2      | Killed Jessica
  1295 | D:2      | Gained mutation: Your natural rate of healing is unusually
                  | fast. [Vine Stalker growth]
  1295 | D:2      | Reached XP level 4. HP: 23/23 MP: 5/5
  1457 | D:2      | Found Dutogh's Armour Shop.
  1460 | D:2      | Bought a +0 helmet for 54 gold pieces
  1910 | D:2      | Noticed Natasha
  1915 | D:2      | Killed Natasha
  2063 | D:3      | Reached XP level 5. HP: 27/27 MP: 6/6
  2068 | D:3      | Found a shimmering altar of Xom.
  2118 | D:3      | Slain by an orc

Illustrated notes

Levels and vault maps discovered:
D:1:      scummos_arrival_checkerplants, layout_loops_cross
D:2:      layout_basic, dreamdust_ecumenical_altar_statues, serial_shops,
          nicolae_shop_behind_doors, uniq_jessica, uniq_natasha
D:3:      layout_basic, grunt_temple_overflow_cloverleaf,
          nicolae_overflow_crystal_walls, slow_altar_2, fedhas_altar_3,
          grunt_ministairs_15, st_stairs_6

Skill      XL: |  1  2  3  4  5 |
---------------+----------------+-----
Fighting       | 2 |  2.7
Bows           | 4 |  4.6
Stealth        | 2 3 |  3.1
Dodging        | 2 |  2.2

Action                   |  1- 3 |  4- 6 || total
-------------------------+-------+-------++-------
 Fire: Shortbow          |    76 |    54 ||   130
  Use: Scroll            |       |     4 ||     4
Armor: Leather armour    |     3 |       ||     3
Dodge: Dodged            |    11 |    12 ||    23

Table legend: (Time is in decaauts)
 A = Elapsed time spent in this place.
 B = Non-inter-level travel time spent in this place.
 C = Inter-level travel time spent in this place.
 D = Time resting spent in this place.
 E = Time spent auto-exploring this place.
 F = Levels seen in this place.
 G = Mean time per level.
                   A        B        C        D        E       F      G
               +--------+--------+--------+--------+--------+-----+--------+
         Total |   2160 |   2123 |     37 |    377 |   1465 |   3 |  720.0 |
       Dungeon |   2160 |   2123 |     37 |    377 |   1465 |   3 |  720.0 |
               +--------+--------+--------+--------+--------+-----+--------+

Top non-repeatable levels by time:
     D:2: 1183 daAuts
     D:1: 826 daAuts
     D:3: 149 daAuts
